[ AOE2 MATCH · #481762829 ]
UnrankedBurgundians vs Mongols
Player's team · LOSS
Rival team · WIN
[ REPLAY ANALYSIS · EXTRACTED FROM THE RECORDED GAME ]
Feudal
10:35
Castle
18:51
Imperial
32:06
| APM avg | 28.1 |
| APM peak | 54 |
| eAPM avg | 15.6 |
| Villagers / military | 120 / 330 |
Focus
⚔️ 22.7% · 🌾 77.3%
Skirmisher ×168 · Knight ×146 · Trebuchet (Packed) ×10 · Monk ×3 · Spearman ×3
Feudal
8:18
Castle
17:34
Imperial
32:45
| APM avg | 48.2 |
| APM peak | 78 |
| eAPM avg | 26.2 |
| Villagers / military | 127 / 315 |
Focus
⚔️ 29.2% · 🌾 70.8%
Scout Cavalry ×174 · Mangudai ×131 · Monk ×6 · Trebuchet (Packed) ×4
Match map
Initial resources + every placement click. Lines = walls · curves = elevation contours. ◆ gold · ⬟ stone · ● berries · ✦ relic · ◌ wall gap
Your base· Open — unwalled flank
banana in borderland's base· Open — 7t gap
Smoothed initial terrain · ◌ = detected wall gap · hover for details
Inputs per minute
— 雾 - - banana in borderland
Build order — 雾
First 150 of 346 actions detected
| 0:09 | Create | Villager (Male) |
| 0:09 | Create | Villager (Male) |
| 0:09 | Create | Villager (Male) |
| 0:12 | Build | House |
| 0:26 | Build | House |
| 0:47 | Build | Mill |
| 1:02 | Build | House |
| 1:09 | Research | Loom |
| 1:30 | Create | Villager (Male) |
| 1:31 | Create | Villager (Male) |
| 1:50 | Create | Villager (Male) |
| 1:50 | Create | Villager (Male) |
| 1:58 | Create | Villager (Male) |
| 1:59 | Create | Villager (Male) |
| 2:45 | Create | Villager (Male) |
| 2:46 | Create | Villager (Male) |
| 2:46 | Create | Villager (Male) |
| 3:01 | Create | Villager (Male) |
| 3:33 | Create | Villager (Male) |
| 3:56 | Create | Villager (Male) |
| 4:50 | Create | Villager (Male) |
| 5:03 | Create | Villager (Male) |
| 5:21 | Create | Villager (Male) |
| 5:21 | Create | Villager (Male) |
| 5:28 | Build | Lumber Camp |
| 5:31 | Create | Villager (Male) |
| 6:59 | Create | Villager (Male) |
| 7:12 | Build | Mining Camp |
| 7:15 | Create | Villager (Male) |
| 7:54 | Create | Villager (Male) |
| 8:25 | Research | Feudal Age |
| 8:25 | Research | Feudal Age |
| 9:06 | Build | Barracks |
| 9:12 | Research | Horse Collar |
| 9:27 | Research | Double-Bit Axe |
| 9:27 | Research | Double-Bit Axe |
| 9:32 | Build | House |
| 9:33 | Build | House |
| 9:36 | Build | House |
| 10:34 | Create | Villager (Male) |
| 10:34 | Create | Villager (Male) |
| 10:35 | Age | Feudal Age |
| 10:48 | Build | Stable |
| 11:04 | Create | Villager (Male) |
| 11:16 | Research | Heavy Plow |
| 11:42 | Build | Farm |
| 11:42 | Build | Farm |
| 11:42 | Build | Farm |
| 11:43 | Build | Farm |
| 11:44 | Build | Farm |
| 11:44 | Build | Farm |
| 11:44 | Build | Farm |
| 11:44 | Build | Farm |
| 11:45 | Build | Farm |
| 11:48 | Build | Farm |
| 11:51 | Create | Villager (Male) |
| 12:02 | Create | Spearman |
| 12:02 | Create | Spearman |
| 12:03 | Create | Spearman |
| 12:08 | Build | Farm |
| 12:08 | Build | Farm |
| 12:09 | Build | Farm |
| 12:10 | Build | Farm |
| 12:14 | Create | Villager (Male) |
| 12:38 | Create | Villager (Male) |
| 12:57 | Create | Villager (Male) |
| 13:01 | Create | Villager (Male) |
| 13:50 | Create | Villager (Male) |
| 14:08 | Build | Blacksmith |
| 14:14 | Create | Villager (Male) |
| 14:29 | Build | Farm |
| 14:33 | Create | Villager (Male) |
| 14:48 | Build | Farm |
| 15:05 | Build | Stable |
| 15:11 | Create | Villager (Male) |
| 15:15 | Build | Farm |
| 15:34 | Create | Villager (Male) |
| 15:41 | Build | Farm |
| 16:11 | Research | Castle Age |
| 16:11 | Research | Castle Age |
| 16:14 | Build | Farm |
| 16:24 | Build | Farm |
| 17:04 | Build | House |
| 17:05 | Build | House |
| 17:06 | Build | House |
| 17:25 | Research | Bow Saw |
| 17:27 | Research | Gold Mining |
| 17:29 | Research | Stone Mining |
| 18:08 | Create | Villager (Male) |
| 18:08 | Create | Villager (Male) |
| 18:22 | Research | Forging |
| 18:22 | Research | Scale Barding Armor |
| 18:51 | Age | Castle Age |
| 18:56 | Build | Town Center |
| 19:26 | Build | Town Center |
| 19:39 | Build | Town Center |
| 19:59 | Create | Villager (Male) |
| 19:59 | Create | Villager (Male) |
| 20:18 | Research | Cavalier (upgrade) |
| 20:20 | Research | Husbandry |
| 20:23 | Create | Knight ×5 |
| 20:23 | Create | Knight ×5 |
| 20:33 | Create | Villager (Male) |
| 20:33 | Create | Villager (Male) |
| 20:35 | Create | Villager (Male) |
| 20:35 | Create | Villager (Male) |
| 20:42 | Create | Villager (Male) |
| 20:43 | Create | Villager (Male) |
| 20:55 | Build | Farm |
| 20:56 | Build | Farm |
| 20:56 | Build | Farm |
| 20:56 | Build | Farm |
| 20:56 | Build | Farm |
| 20:57 | Build | Farm |
| 21:02 | Create | Villager (Male) |
| 21:07 | Build | House |
| 21:08 | Build | House |
| 21:09 | Build | House |
| 21:11 | Build | House |
| 21:13 | Build | House |
| 21:14 | Build | House |
| 21:18 | Create | Villager (Male) |
| 21:19 | Create | Villager (Male) |
| 22:16 | Create | Villager (Male) |
| 22:16 | Create | Villager (Male) |
| 22:16 | Create | Villager (Male) |
| 22:17 | Create | Villager (Male) |
| 22:17 | Create | Villager (Male) |
| 22:18 | Create | Villager (Male) |
| 22:19 | Create | Villager (Male) |
| 22:19 | Create | Villager (Male) |
| 22:20 | Create | Villager (Male) |
| 22:21 | Create | Villager (Male) |
| 22:21 | Create | Villager (Male) |
| 22:28 | Build | Farm |
| 22:28 | Build | Farm |
| 22:42 | Create | Villager (Male) |
| 22:46 | Build | Farm |
| 22:46 | Build | Farm |
| 22:46 | Build | Farm |
| 22:47 | Build | Farm |
| 22:47 | Build | Farm |
| 22:47 | Build | Farm |
| 22:48 | Build | Farm |
| 22:48 | Build | Farm |
| 22:49 | Build | Farm |
| 22:49 | Build | Farm |
| 22:49 | Build | Farm |
| 23:00 | Build | Farm |
| 23:05 | Create | Villager (Male) |
Build order — banana in borderland
First 150 of 516 actions detected
| 0:13 | Build | House |
| 0:14 | Build | House |
| 0:17 | Research | Loom |
| 0:18 | Create | Villager (Male) |
| 0:18 | Create | Villager (Male) |
| 0:18 | Create | Villager (Male) |
| 0:32 | Build | Lumber Camp |
| 0:38 | Create | Villager (Male) |
| 0:38 | Create | Villager (Male) |
| 1:14 | Create | Villager (Male) |
| 1:14 | Create | Villager (Male) |
| 1:55 | Create | Villager (Male) |
| 1:55 | Create | Villager (Male) |
| 2:07 | Create | Villager (Male) |
| 2:07 | Create | Villager (Male) |
| 2:35 | Create | Villager (Male) |
| 2:35 | Create | Villager (Male) |
| 2:36 | Create | Villager (Male) |
| 3:24 | Create | Villager (Male) |
| 4:22 | Create | Villager (Male) |
| 4:22 | Create | Villager (Male) |
| 4:31 | Create | Villager (Male) |
| 4:54 | Create | Villager (Male) |
| 5:09 | Build | House |
| 5:11 | Build | House |
| 5:43 | Build | Mill |
| 6:08 | Research | Feudal Age |
| 6:44 | Build | Mining Camp |
| 7:01 | Create | Villager (Male) |
| 7:07 | Build | Barracks |
| 7:14 | Build | House |
| 7:33 | Build | Palisade Gate |
| 7:47 | Build | House |
| 7:50 | Create | Villager (Male) |
| 7:58 | Create | Villager (Male) |
| 8:12 | Create | Villager (Male) |
| 8:18 | Age | Feudal Age |
| 8:21 | Research | Double-Bit Axe |
| 8:22 | Research | Horse Collar |
| 8:34 | Build | Blacksmith |
| 8:50 | Create | Villager (Male) |
| 9:13 | Build | Archery Range |
| 9:21 | Build | House |
| 9:31 | Build | House |
| 9:51 | Create | Villager (Male) |
| 10:15 | Build | Stable |
| 10:27 | Build | House |
| 10:41 | Build | Farm |
| 10:43 | Build | Farm |
| 10:45 | Build | Farm |
| 10:46 | Create | Villager (Male) |
| 11:10 | Build | House |
| 11:11 | Build | House |
| 11:26 | Build | House |
| 11:28 | Create | Villager (Male) |
| 11:31 | Build | Farm |
| 11:32 | Create | Villager (Male) |
| 11:43 | Build | Farm |
| 11:54 | Build | Mining Camp |
| 11:55 | Build | House |
| 12:02 | Build | Palisade Wall |
| 12:10 | Create | Villager (Male) |
| 12:12 | Build | Farm |
| 12:16 | Create | Villager (Male) |
| 12:31 | Build | Farm |
| 12:34 | Build | Farm |
| 13:00 | Create | Villager (Male) |
| 13:03 | Build | Farm |
| 13:05 | Build | Farm |
| 13:09 | Create | Villager (Male) |
| 13:23 | Create | Villager (Male) |
| 13:39 | Build | House |
| 13:40 | Build | House |
| 13:42 | Build | House |
| 14:20 | Create | Villager (Male) |
| 14:28 | Build | Farm |
| 14:33 | Build | House |
| 14:34 | Build | House |
| 14:35 | Build | House |
| 14:55 | Research | Castle Age |
| 14:55 | Research | Castle Age |
| 15:42 | Research | Gold Mining |
| 15:43 | Research | Stone Mining |
| 15:57 | Build | Lumber Camp |
| 16:05 | Create | Villager (Male) |
| 16:47 | Build | Gate |
| 17:34 | Age | Castle Age |
| 18:12 | Build | Castle |
| 18:15 | Create | Villager (Male) |
| 18:28 | Create | Villager (Male) |
| 18:30 | Research | Bow Saw |
| 18:33 | Research | Heavy Plow |
| 18:35 | Build | Farm |
| 18:41 | Research | Fletching |
| 18:59 | Build | Town Center |
| 19:15 | Build | Town Center |
| 19:19 | Create | Villager (Male) |
| 19:19 | Create | Villager (Male) |
| 19:20 | Create | Villager (Male) |
| 19:21 | Research | Wheelbarrow |
| 19:49 | Research | Bodkin Arrow |
| 19:49 | Research | Bodkin Arrow |
| 19:55 | Create | Mangudai |
| 19:56 | Create | Mangudai |
| 20:01 | Build | Farm |
| 20:02 | Create | Villager (Male) |
| 20:31 | Build | Farm |
| 20:42 | Build | Town Center |
| 20:56 | Create | Mangudai |
| 20:56 | Create | Mangudai |
| 21:00 | Build | Farm |
| 21:05 | Build | Farm |
| 21:11 | Build | House |
| 21:21 | Build | Farm |
| 21:21 | Build | Farm |
| 21:21 | Build | Farm |
| 21:23 | Build | Farm |
| 21:31 | Create | Villager (Male) |
| 21:32 | Create | Villager (Male) |
| 21:33 | Create | Villager (Male) |
| 21:33 | Create | Villager (Male) |
| 21:36 | Create | Mangudai |
| 21:36 | Create | Mangudai |
| 22:10 | Create | Mangudai |
| 22:14 | Create | Villager (Male) |
| 22:22 | Build | Monastery |
| 22:30 | Research | Husbandry |
| 22:33 | Create | Villager (Male) |
| 22:33 | Create | Villager (Male) |
| 22:33 | Create | Villager (Male) |
| 22:34 | Create | Villager (Male) |
| 22:41 | Build | Farm |
| 22:50 | Create | Villager (Male) |
| 22:56 | Build | Farm |
| 22:59 | Build | Farm |
| 23:02 | Build | Farm |
| 23:05 | Create | Villager (Male) |
| 23:10 | Create | Mangudai |
| 23:21 | Create | Villager (Male) |
| 23:22 | Create | Villager (Male) |
| 23:22 | Create | Villager (Male) |
| 23:24 | Create | Villager (Male) |
| 23:25 | Create | Villager (Male) |
| 23:29 | Create | Monk |
| 23:42 | Create | Mangudai |
| 24:11 | Create | Monk |
| 24:19 | Build | Farm |
| 24:21 | Create | Villager (Male) |
| 24:21 | Create | Villager (Male) |
| 24:42 | Create | Mangudai |
Match timeline
| 7:07 | banana in borderland · first_building Barracks |
| 8:18 | banana in borderland · age_up feudal |
| 9:06 | 雾 · first_building Barracks |
| 9:13 | banana in borderland · first_building Archery Range |
| 10:15 | banana in borderland · first_building Stable |
| 10:35 | 雾 · age_up feudal |
| 10:48 | 雾 · first_building Stable |
| 12:02 | banana in borderland · wall_segment Palisade Wall x12 |
| 17:34 | banana in borderland · age_up castle |
| 18:12 | banana in borderland · first_building Castle |
| 18:51 | 雾 · age_up castle |
| 22:22 | banana in borderland · first_building Monastery |
| 24:39 | 雾 · first_building Archery Range |
| 27:21 | 雾 · first_building Monastery |
| 28:37 | 雾 · first_building Castle |
| 32:06 | 雾 · age_up imperial |
| 32:45 | banana in borderland · age_up imperial |
| 40:07 | 雾 · first_market_sell 500 stone |
| 61:01 | 雾 · resign |
[ AI ANALYSIS · 1 CREDIT ]
What really happened in this match?
Wolo.gg analyzes every decision: build order, eco, micro, common mistakes by bracket. Personalized analysis on WhatsApp or Discord in 30 seconds.
Civ guide
Burgundians
Perfil
Jugador #11521977